 Dungeon Crawl Stone Soup version 0.32-a0-841-g4648e6c457 (webtiles) character file.

Game seed: 15812013027136845676

909 wilfster70 the Cleaver (level 7, -1/85 HPs)
             Began as a Mountain Dwarf Fighter on Mar 26, 2024.
             Was a Follower of Hepliaklqana.
             Slain by a killer bee (6 damage)
             ... on level 5 of the Dungeon.
             The game lasted 00:11:56 (3627 turns).

wilfster70 the Cleaver (Mountain Dwarf Fighter)     Turns: 3627, Time: 00:11:56

Health: -1/85      AC: 23    Str: 21    XL:     7   Next: 81%
Magic:  7/7        EV:  2    Int:  8    God:    Hepliaklqana [*.....]
Gold:   230        SH:  4    Dex:  9    Spells: 6/6 levels left

rFire   + . .        a - +0 war axe
rCold   + . .        c - +0 buckler
rNeg    . . .        h - melded +0 scale mail
rPois   +            (helmet currently unavailable)
rElec   +            (cloak currently unavailable)
rCorr   +            (gloves currently unavailable)
SInv    .            z - melded +0 pair of boots
Will    .....        i - amulet of regeneration
Stlth   +            m - ring of flight
HPRegen 1.14/turn    (no ring)
MPRegen 0.10/turn

%: no passive effects
@: lethally poisoned (-1 -> -6), tree-form, resistant
A: stationary, stasis, torment immunity, boosted hp, reduced essence, runic
magic, artefact enchanting
a: Renounce Religion, Recall Ancestor, Ancestor Identity


You were on level 5 of the Dungeon.
You worshipped Hepliaklqana.
Hepliaklqana was aware of your devotion.
You were a tree.
You visited 2 branches of the dungeon, and saw 6 of its levels.

You collected 230 gold pieces.

Inventory:

Hand Weapons
 a - a +0 war axe (weapon)
 b - a +2 sling of draining
Missiles
 g - 3 poisoned darts (quivered)
Armour
 c - a +0 buckler (worn)
 h - a +0 scale mail (melded)
 z - a +0 pair of boots (melded)
Jewellery
 i - an amulet of regeneration (around neck)
 m - a ring of flight (left branch)
Wands
 w - a wand of charming (10)
 x - a wand of flame (8)
 y - a wand of mindburst (21)
Scrolls
 e - a scroll of revelation
 j - a scroll of enchant armour {unknown}
 k - 2 scrolls of blinking {unknown}
 l - a scroll of torment {unknown}
 p - a scroll of fog {unknown}
 s - a scroll of summoning {unknown}
 t - a scroll of brand weapon {unknown}
 u - 5 scrolls of vulnerability {unknown}
 v - 3 scrolls of teleportation {unknown}
Potions
 d - 2 potions of might
 f - a potion of mutation
 n - a potion of brilliance


   Skills:
 + Level 6.5 Fighting
 * Level 9.0 Axes
 - Level 3.2 Armour
 - Level 3.2 Shields
 - Level 1.0 Invocations


You had 6 spell levels left.
You didn't know any spells.
Your spell library contained the following spells:

 Spells                   Type           Power      Damage    Failure   Level
 Sting                    Conj/Alch      0%         1d3       47%         1
 Ensorcelled Hibernation  Hex/Ice        0%         N/A       63%         2
 Jinxbite                 Hex            0%         N/A       63%         2
 Mercury Vapours          Alch/Air       0%         N/A       63%         2
 Scorch                   Fire           0%         2d5       63%         2
 Call Canine Familiar     Summ           0%         N/A       85%         3
 Passwall                 Erth           0%         N/A       85%         3
 Sigil of Binding         Hex            0%         N/A       85%         3
 Swiftness                Air            0%         N/A       85%         3
 Dimensional Bullseye     Hex/Tloc       0%         N/A       99%         4
 Flame Wave               Conj/Fire      0%         2d4       99%         4
 Olgreb's Toxic Radiance  Alch           0%         N/A       99%         4
 Yara's Violent Unravell  Hex/Alch       0%         3d3       100%        5
 Summon Cactus Giant      Summ           0%         N/A       100%        6
 Enfeeble                 Hex            0%         N/A       100%        7


Dungeon Overview and Level Annotations

Branches:
Dungeon (5/15)             Temple (1/1) D:4

Altars:
Elyvilon
Fedhas
Gozag
Hepliaklqana
Kikubaaqudgha
Ru
Sif Muna
Trog
Uskayaw
Yredelemnul
The Shining One

Shops:
D:2 *[=

Annotations:
D:4 3 runed translucent doors, Konar's ghost, amateur CoHu; casual's ghost, amateur GnMo


Innate Abilities, Weirdness & Mutations

You are a tree.
Your roots penetrate the ground, keeping you stationary.
You cannot be teleported.
You are immune to unholy pain and torment.
Your maximum health is greatly increased.
Your equipment is partially melded.
Your life essence is reduced to manifest your ancestor. (-10% HP)
Your spellcasting is much less encumbered by armour.
You can use scrolls of enchantment on lesser artefacts.


Message History

The killer bee poisons you! The killer bee barely misses you.
You hit the killer bee but do no damage.
You closely miss the killer bee. You hit the killer bee.
* * * LOW HITPOINT WARNING * * *
You feel extremely sick.
The killer bee stings you but does no damage. x3
Gyckett barely misses the killer bee.
The killer bee stings you.
* * * LOW HITPOINT WARNING * * *
The killer bee stings you but does no damage.
The killer bee completely misses you.
It was a potion of resistance.
You feel protected.
* * * LOW HITPOINT WARNING * * *
You feel very sick. The killer bee completely misses you.
The killer bee stings you but does no damage. x2
Gyckett completely misses the killer bee.
The killer bee barely misses you.
The killer bee stings you but does no damage. x2
Okay, then.
You closely miss the killer bee.
The killer bee is heavily wounded.
You hit the killer bee but do no damage.
You closely miss the killer bee.
* * * LOW HITPOINT WARNING * * *
You feel very sick. You block the killer bee's attack.
The killer bee stings you but does no damage. x2
Gyckett hits the killer bee!
The killer bee stings you but does no damage. x3
You closely miss the killer bee.
The killer bee is almost dead.
You miss the killer bee. x2
* * * LOW HITPOINT WARNING * * *
You feel very sick.
The killer bee stings you but does no damage. x3
Gyckett closely misses the killer bee.
The killer bee barely misses you. The killer bee stings you.
You die...
Hepliaklqana delivers you to your ancestors.

.^.#
#...#......#
...#
#..###......#
.#.# #..#
##.##...#
.......#
#..###..######
....... ##.#
##......# ##..#.
##..$# ##.######
..# ......##..#
.........R#####$
##<....♣y......
##....yy######
#..##..## #>#
##.# #.# #.# ..
##. # . ..


You could see the friendly Gyckett the ancestor and 3 killer bees.

Vanquished Creatures
  A steam dragon (D:5)
  Duvessa (D:5)
  An ice beast (D:4)
  A bullfrog (D:4)
  2 scorpions (D:4)
  Dowan (D:5)
  A hound (D:5)
  A bombardier beetle (D:3)
  2 iguanas
  An orc wizard (D:4)
  4 gnolls (D:3)
  7 adders
  A dart slug (D:4)
  8 orcs
  4 bats
  10 endoplasms
  3 giant cockroaches
  6 hobgoblins
  7 jackals
  3 quokkas
  11 ball pythons
  2 frilled lizards
  2 goblins
  8 kobolds
  3 rats
91 creatures vanquished.

Vanquished Creatures (collateral kills)
  A jelly (D:5)
  2 orcs
3 creatures vanquished.

Grand Total: 94 creatures vanquished

Notes
Turn   | Place    | Note
-------+----------+-------------------------------------------
     0 | D:1      | wilfster70 the Mountain Dwarf Fighter began the quest for
                  | the Orb.
     0 | D:1      | Reached XP level 1. HP: 19/19 MP: 1/1
   202 | D:1      | Reached skill level 3 in Axes
   223 | D:1      | Reached XP level 2. HP: 25/26 MP: 2/2
   676 | D:1      | Reached XP level 3. HP: 33/33 MP: 3/3
   804 | D:2      | Reached skill level 4 in Axes
   849 | D:2      | Found Osmupem's Armour Shoppe.
   854 | D:2      | Found Kaleek's Jewellery Shop.
   943 | D:2      | Found a faded altar of an unknown god.
   981 | D:2      | Found Nireles's Assorted Antiques.
  1015 | D:2      | Found a shimmering blue altar of Sif Muna.
  1070 | D:2      | Reached XP level 4. HP: 40/40 MP: 4/4
  1691 | D:3      | Reached skill level 5 in Axes
  1694 | D:3      | HP: 1/41 [gnoll/+0 halberd (10)]
  1815 | D:3      | Reached XP level 5. HP: 31/47 MP: 5/5
  1981 | D:3      | Found a bloodstained altar of Trog.
  2083 | D:3      | Reached skill level 6 in Axes
  2210 | D:3      | Found a blossoming altar of Fedhas.
  2297 | D:4      | Reached skill level 5 in Fighting
  2297 | D:4      | Reached XP level 6. HP: 46/56 MP: 6/6
  2300 | D:4      | Found a staircase to the Ecumenical Temple.
  2318 | Temple   | Entered the Ecumenical Temple
  2329 | Temple   | Became a worshipper of Hepliaklqana the Forgotten
  2347 | D:4      | Found a runed translucent gate.
  2347 | D:4      | Found a runed translucent gate.
  2351 | D:4      | Found a runed translucent gate.
  2352 | D:4      | Noticed casual's ghost (amateur GnMo)
  2352 | D:4      | Noticed Konar's ghost (amateur CoHu)
  2434 | D:4      | Found a sacrificial altar of Ru.
  2571 | D:4      | Reached skill level 1 in Invocations
  2629 | D:4      | Noticed an ice beast
  2649 | D:4      | Killed an ice beast
  2650 | D:4      | Reached skill level 7 in Axes
  2866 | D:4      | Found a glowing golden altar of the Shining One.
  3019 | D:4      | Reached * piety under Hepliaklqana
  3066 | D:4      | Reached XP level 7. HP: 45/55 MP: 7/7
  3332 | D:5      | Entered Level 5 of the Dungeon
  3332 | D:5      | Noticed a steam dragon
  3342 | D:5      | Killed a steam dragon
  3343 | D:5      | Reached skill level 8 in Axes
  3383 | D:5      | Noticed Duvessa
  3392 | D:5      | Noticed Dowan
  3396 | D:5      | Killed Duvessa
  3399 | D:5      | Killed Dowan
  3400 | D:5      | Reached skill level 9 in Axes
  3627 | D:5      | Slain by a killer bee

Illustrated notes

Levels and vault maps discovered:
D:1:      erik_arrival_triangle_large, layout_rooms, serial_bayou,
          serial_bayou_lake_a, serial_bayou_pond_e, serial_bayou_lagoon_a,
          serial_bayou_shore_b
D:2:      layout_rooms, nicolae_ecumenical_snake_handling, serial_shops,
          nicolae_shop_crystal, nicolae_shop_advertising_works
          [nicolae_subvault_shop_adworks], shop, basic_altar
D:3:      layout_basic, lightli_temple_of_fire, fedhas_altar_4
D:4:      layout_layer_cave, mainiacjoe_overflow_paths, lemuel_doored_altar,
          minmay_temple_entry_trees, gammafunk_ghost_cemetery
D:5:      layout_layer_cave, grunt_temple_overflow_order_and_chaos_2,
          mainiacjoe_overflow_large_starburst, uniq_duvessa, uniq_ijyb
Temple:   hellmonk_temple_two_chambers

Skill      XL: |  1  2  3  4  5  6  7 |
---------------+----------------------+-----
Axes           | 3 4 5 6 7 9 |  9.0
Fighting       | 4 5 6 |  6.5
Invocations    | 1 |  1.0
Armour         | |  3.2
Shields        | |  3.2

Action                     |  1- 3 |  4- 6 |  7- 9 || total
---------------------------+-------+-------+-------++-------
  Melee: War axe           |    79 |   149 |    28 ||   256
   Fire: Sling             |    51 |       |       ||    51
    Use: Scroll            |       |     4 |       ||     4
         Potion            |       |       |     2 ||     2
 Armour: Scale mail        |   103 |   124 |    36 ||   263
         Skin              |       |       |    23 ||    23
  Dodge: Dodged            |    74 |    68 |    17 ||   159
  Block: Buckler           |    36 |    35 |     4 ||    75

Table legend: (Time is in decaauts)
 A = Elapsed time spent in this place.
 B = Non-inter-level travel time spent in this place.
 C = Inter-level travel time spent in this place.
 D = Time resting spent in this place.
 E = Time spent auto-exploring this place.
 F = Levels seen in this place.
 G = Mean time per level.
                   A        B        C        D        E       F      G
               +--------+--------+--------+--------+--------+-----+--------+
         Total |   3745 |   3639 |    106 |    502 |   1475 |   6 |  624.2 |
       Dungeon |   3724 |   3618 |    106 |    502 |   1475 |   5 |  744.8 |
        Temple |     20 |     20 |      0 |      0 |      0 |   1 |   20.0 |
               +--------+--------+--------+--------+--------+-----+--------+

Top non-repeatable levels by time:
     D:4: 1162 daAuts
     D:3: 890 daAuts
     D:1: 845 daAuts
     D:2: 620 daAuts
     D:5: 205 daAuts
  Temple: 20 daAuts
